 Dungeon Crawl Stone Soup version 0.19.1 (console) character file.

92 Jesseh the Chiller (level 4, -5/30 HPs)
             Began as a Merfolk Ice Elementalist on Nov 23, 2016.
             Killed from afar by an orc wizard (7 damage)
             ... with a magic dart
             ... on level 3 of the Dungeon.
             The game lasted 00:14:21 (2686 turns).

Jesseh the Chiller (Merfolk Ice Elementalist)       Turns: 2686, Time: 00:14:21

Health: -5/30      AC:  4    Str:  8    XL:     4   Next: 60%
Magic:  4/8        EV: 13    Int: 15    God:
Gold:   93         SH:  0    Dex: 14    Spells: 3 memorised, 0 levels left

rFire  . . .     SeeInvis .     g - +1 short sword (speed)
rCold  . . .     Gourm    .     a - +0 robe
rNeg   . . .     Faith    .     (no shield)
rPois  .         Spirit   .     s - +0 helmet
rElec  .         Reflect  .     k - +0 cloak
rCorr  .         Harm     .     (no gloves)
MR     .....                    (no boots)
Stlth  ++........               (no amulet)
                                (no ring)
                                (no ring)

@: no status effects
A: change form in water, swift swim, stealthy swim
a: no special abilities


You were on level 3 of the Dungeon.
You were not hungry.

You visited 1 branch of the dungeon, and saw 3 of its levels.

You collected 93 gold pieces.

Inventory:

Hand Weapons
 e - a +0 dagger
   (You took it off a kobold on level 1 of the Dungeon)
 g - a +1 short sword of speed (weapon)
   (You found it on level 1 of the Dungeon)
 t - a +2 hand axe of chopping
   (You took it off Terence on level 3 of the Dungeon)
Armour
 a - a +0 robe (worn)
 k - a +0 cloak (worn)
   (You found it on level 1 of the Dungeon)
 n - a +0 leather armour
   (You found it on level 2 of the Dungeon)
 s - a +0 helmet (worn)
   (You found it on level 3 of the Dungeon)
 u - a +3 chain mail of cold resistance
   (You took it off Terence on level 3 of the Dungeon)
Wands
 o - a wand of lightning (6/15)
   (You found it on level 2 of the Dungeon)
Scrolls
 f - a scroll of teleportation {unknown}
 m - a scroll of random uselessness {unknown}
 v - a scroll of remove curse {unknown}
Potions
 d - a potion of cure mutation {unknown}
 h - a potion of brilliance {unknown}
 j - a potion of magic {unknown}
 l - a potion of curing
 r - a potion of mutation {unknown}
Books
 b - a book of Frost
Comestibles
 c - a bread ration
 i - 5 chunks of flesh
 p - a meat ration
 q - a fruit


   Skills:
 - Level 2.6 Dodging
 - Level 2.1 Stealth
 - Level 2.6 Spellcasting
   Level 0.7 Conjurations
 * Level 2.7 Charms
 * Level 1.0 Summonings
 - Level 4.0 Ice Magic


You couldn't memorise any spells.
You knew the following spells:

 Your Spells              Type           Power        Failure   Level  Hunger
a - Freeze                Ice            ##..         4%          1    #......
b - Ozocubu's Armour      Chrm/Ice       ##......     17%         3    ###....
c - Summon Ice Beast      Ice/Summ       #.......     78%         4    #####..


Dungeon Overview and Level Annotations

Branches:
Dungeon (3/15)

Altars:


Message History

You hit Terence but do no damage. You barely miss Terence.
Terence closely misses you.
You closely miss Terence. Terence completely misses you.
Aim: Terence, wielding a hand axe of chopping and wearing a runed chain mail (almost dead)
You freeze Terence.
Terence resists.
You hit Terence but do no damage. Terence misses you.
You hit Terence but do no damage.
Terence hits you with a hand axe of chopping.
You hit Terence.
You kill Terence!
Your Summonings skill increases to level 1!
t - a hand axe of chopping;
u - a runed chain mail You see here the human corpse of Terence.
You butcher the human corpse of Terence.
i - 5 chunks of flesh (gained 1)
You see here the human skeleton of Terence.
There isn't anything to butcher here.
You see here a jackal corpse.
You butcher the jackal corpse.
i - 6 chunks of flesh (gained 1)
v - a scroll labeled LUCVAAS SICW 17 sling bullets.
The floor.
Some of the chunks of flesh in your inventory have rotted away.
You see here 17 sling bullets.
You found a teleport trap!
Unknown command.
An orc comes into view. It is wielding a dagger.
An orc wizard comes into view. It is wielding a dagger.
The orc shouts!
The orc wizard shouts!
The orc wizard points at you and mumbles some strange words.
The puff of flame hits you!
An orc wizard comes into view. It is wielding a dagger.
The orc wizard moves out of view.
The orc wizard casts a spell.
The orc wizard seems to speed up.
An orc priest comes into view. It is wielding a war axe.
You hit the orc. The orc barely misses you.
Aim: an orc, wielding a dagger (lightly wounded)
You freeze the orc. The orc barely misses you.
You hit the orc. The orc hits you but does no damage.
Aim: an orc wizard, wielding a dagger and wearing a runed robe (fast)
You freeze the orc wizard.
The orc wizard completely resists.
The orc wizard gestures at you while chanting.
The magic dart hits you! The orc wizard misses you. The orc barely misses you.
Aim: an orc wizard, wielding a dagger and wearing a runed robe (fast)
You freeze the orc wizard.
The orc wizard resists.
The orc wizard closely misses you. The orc closely misses you.
You hit the orc wizard. The orc wizard hits you with a dagger.
The orc wizard misses you. The orc closely misses you.
You hit the orc wizard.
The orc wizard looks braver for a moment.
The orc priest shouts!
You hit the orc wizard.
You hear a shout! x2
The orc hits you with a dagger. The orc wizard completely misses you.
Aim: an orc wizard, wielding a dagger and wearing a runed robe (severely wounded, fast)
You freeze the orc wizard.
The orc wizard completely resists.
The orc barely misses you.
You barely miss the orc wizard. The orc wizard barely misses you.
The orc priest calls upon Beogh to heal the orc.
The orc's wounds heal themselves!
The orc closely misses you.
You barely miss the orc wizard. The orc wizard hits you with a dagger.
* * * LOW HITPOINT WARNING * * *
The orc wizard hits you with a dagger.
* * * LOW HITPOINT WARNING * * *
The orc priest calls down the wrath of Beogh upon you.
Beogh smites you!
* * * LOW HITPOINT WARNING * * *
An orc comes into view. It is wielding a morningstar.
It was a potion of curing.
You feel better. The orc wizard barely misses you.
The orc hits you but does no damage.
The orc wizard hits you but does no damage.
An orc comes into view.
The orc wizard casts a spell.
The orc wizard closely misses you.
The orc priest looks satisfied for a moment.
The orc wizard hits you with a dagger.
* * * LOW HITPOINT WARNING * * *
The orc priest casts a cantrip, but nothing happens.
The orc wizard casts a spell at you. The puff of frost hits you!
* * * LOW HITPOINT WARNING * * *
A rat comes into view.
The orc wizard casts a spell.
The orc wizard gestures wildly while chanting.
The orc wizard completely misses you. The rat bites you but does no damage.
The orc wizard misses you.
You hit the rat.
You kill the rat!
The orc wizard miscasts a cantrip.
You see here a rat corpse.
The orc wizard closely misses you. The orc wizard hits you with a dagger.
* * * LOW HITPOINT WARNING * * *
The orc wizard is no longer moving quickly.
The orc wizard begins to cast a cantrip, but forgets the words!
The orc wizard points at you and mumbles some strange words.
The magic dart hits you!
You die...

▒▒▒ ▒▒▒▒▒.▒ ▒▒▒▒▒▒▒▒.▒▒
▒.)...▒ .....▒▒.▒<▒▒
▒.▒▒▒▒▒
▒▒▒..▒.▒▒▒.▒▒▒▒▒.▒
▒▒▒...▒▒ ▒▒......▒
▒....▒▒ ▒▒.▒▒▒m▒
▒.▒...▒▒
▒▒.▒▒▒..▒P..▒▒▒▒▒▒▒.
.)...▒.▒▒▒.▒▒
▒.o▒...▒.......
.....▒▒.▒.▒▒
▒.▒▒P..▒.▒▒▒▒▒
▒.▒▒▒▒▒▒.▒▒ ▒.▒
...▒.▒..P ▒.▒
▒▒▒▒▒▒▒▒o▒▒▒Pb▒.▒..▒▒
▒.▒
▒....[..o▒▒...▒.▒P..▒..
▒.▒▒▒
▒.........▒▒▒▒▒.▒...▒..
▒...▒
▒...........o...▒.P.▒..


You could see an orc priest, an orc wizard and an orc.

Vanquished Creatures
  Terence (D:3)
  An adder (D:2)
  2 oozes
  A worm (D:2)
  A dart slug (D:2)
  A leopard gecko (D:1)
  A ball python (D:2)
  A giant cockroach (D:1)
  7 goblins
  6 hobgoblins
  2 jackals (D:3)
  A quokka (D:2)
  6 bats
  A frilled lizard (D:2)
  5 kobolds
  4 rats
41 creatures vanquished.

Notes
Turn   | Place    | Note
-------+----------+-------------------------------------------
     0 | D:1      | Jesseh the Merfolk Ice Elementalist began the quest for the Orb.
     0 | D:1      | Reached XP level 1. HP: 13/13 MP: 3/3
   381 | D:1      | HP: 2/13 [hobgoblin (3)]
   392 | D:1      | Reached XP level 2. HP: 2/19 MP: 0/5
   399 | D:1      | HP: 1/19 [bat (1)]
  1414 | D:2      | HP: 3/19 [worm (6)]
  1710 | D:2      | Reached XP level 3. HP: 19/24 MP: 0/7
  1716 | D:2      | Learned a level 3 spell: Ozocubu's Armour
  1842 | D:2      | Reached skill level 4 in Ice Magic
  1869 | D:2      | Reached skill level 1 in Charms
  1943 | D:2      | Found a faded altar of an unknown god.
  2361 | D:2      | Reached skill level 2 in Charms
  2378 | D:2      | Reached XP level 4. HP: 20/30 MP: 5/8
  2394 | D:2      | Learned a level 4 spell: Summon Ice Beast
  2570 | D:3      | Upgraded the game from 0.19.0-24-gb05acd6 to 0.19.1
  2579 | D:3      | Noticed Terence
  2614 | D:3      | Killed Terence
  2614 | D:3      | Reached skill level 1 in Summonings
  2662 | D:3      | HP: 1/30 [orc priest/divine providence (9)]
  2673 | D:3      | HP: 3/30 [orc wizard/puff of frost (8)]
  2684 | D:3      | HP: 1/30 [orc wizard/dagger (3)]
  2686 | D:3      | Killed from afar by an orc wizard

Skill      XL: |  1  2  3  4 |
---------------+-------------+-----
Ice Magic      | 4 |  4.0
Charms         | 2 |  2.7
Summonings     | 1 |  1.0
Dodging        | |  2.6
Stealth        | |  2.1
Spellcasting   | |  2.6
Conjurations   | |  0.7

Action                   |  1- 3 |  4- 6 || total
-------------------------+-------+-------++-------
Melee: Short sword       |    48 |    35 ||    83
 Cast: Freeze            |    49 |    20 ||    69
  Use: Scroll            |     1 |       ||     1
       Potion            |       |     1 ||     1
  Eat: Chunk             |     5 |     1 ||     6
Armor: Robe              |    18 |    10 ||    28
Dodge: Dodged            |    58 |    40 ||    98

Vault maps used:
D:1:      dpeg_cavernosity, serial_forest, infiniplex_forest_clump_double,
          infiniplex_forest_end_2, infiniplex_forest_straight_3,
          infiniplex_forest_fountain, infiniplex_forest_clump_diagonal,
          minivault_4, minmay_pentomino_w2
D:2:      minmay_wonky_spiral, ecumenical_altar_1, serial_forest,
          infiniplex_forest_zigzag_2, infiniplex_forest_straight_2,
          infiniplex_forest_lined_room_2, infiniplex_forest_lined_2,
          infiniplex_forest_join, infiniplex_forest_lined_2
D:3:      serial_aquarium, aquarium_bridge_long_joined, aquarium_window_fake,
          aquarium_window_2, aquarium_view_2a, aquarium_pool_2, first_bread,
          uniq_terence, uniq_iyjb

Table legend:
 A = Turns spent in this place as a percentage of turns spent in the entire game.
 B = Non-inter-level travel turns spent in this place as a percentage of non-inter-level travel turns spent in the entire game.
 C = Inter-level travel turns spent in this place as a percentage of turns spent in this place.
 D = Turns resting spent in this place as a percentage of non-inter-level travel turns spent in this place.
 E = Turns spent auto-exploring this place as a percentage of non-inter-level travel turns spent in this place.
 F = Non-inter-level travel turns spent in this place divided by the number of levels of this place that you've seen.
                   A       B       C       D       E      F
               +-------+-------+-------+-------+-------+----------------------
         Total | 100.0 | 100.0 |   0.2 |   0.8 |  10.0 | 200.7
       Dungeon | 100.0 | 100.0 |   0.2 |   0.8 |  10.0 | 200.7
               +-------+-------+-------+-------+-------+----------------------

Table legend:
 A = Kills in this place as a percentage of kills in entire the game.
 B = Kills by you in this place as a percentage of kills by you in the entire game.
 C = Kills by friends in this place as a percentage of kills by friends in the entire game.
 D = Other kills in this place as a percentage of other kills in the entire game.
 E = Experience gained in this place as a percentage of experience gained in the entire game.
 F = Experience gained in this place divided by the number of levels of this place that you have seen.
                   A       B       C       D       E      F
               +-------+-------+-------+-------+-------+----------------------
         Total | 100.0 | 100.0 |  -nan |  -nan | 100.0 |  44.0
       Dungeon | 100.0 | 100.0 |  -nan |  -nan | 100.0 |  44.0
               +-------+-------+-------+-------+-------+----------------------
